 Dungeon Crawl Stone Soup version 0.19-a0-805-g0a78ef0 (webtiles) character file.

8744 AlphabetPasta the Covert (level 10, 0/84 HPs)
             Began as a Demigod Assassin on June 27, 2016.
             Slain by a wraith (6 damage)
             ... led by Josephine
             ... on level 10 of the Dungeon.
             The game lasted 01:12:32 (10323 turns).

AlphabetPasta the Covert (Demigod Assassin)        Turns: 10323, Time: 01:12:33

Health: 0/84       AC: 13    Str: 14    XL:     10   Next: 91%
Magic:  13/13      EV: 23    Int: 15    God:
Gold:   262        SH:  7    Dex: 28    Spells: 0 memorised, 9 levels left

rFire  . . .     SeeInvis .     y - +0 rapier
rCold  + . .     Gourm    .     l - +2 robe {rC+}
rNeg   . . .     Faith    .     K - +0 buckler
rPois  .         Spirit   .     (no helmet)
rElec  .         Dismiss  .     d - +1 cloak
rCorr  .         Reflect  .     C - +0 pair of gloves
SustAt +         Harm     .     o - +0 pair of boots
MR     +....                    m - amulet of regeneration
Stlth  ++++++....               (no ring)
                                x - +5 ring of protection

@: agile, very slightly contaminated, hasted and slowed, somewhat resistant to
hostile enchantments, very stealthy
A: high mp 1, sustain attributes
a: no special abilities


You were on level 10 of the Dungeon.
You were not hungry.

You visited 1 branch of the dungeon, and saw 12 of its levels.

You collected 626 gold pieces.
You spent 364 gold pieces at shops.

Inventory:

Hand Weapons
 a - a +1 dagger of venom
 b - a +1 blowgun
 c - a +2 dagger
 y - a +0 rapier (weapon)
 H - a +2 hunting sling of velocity
Missiles
 e - 77 poisoned needles
 A - 9 tomahawks (quivered)
 J - 62 sling bullets
Armour
 d - a +1 cloak (worn)
 f - the +0 shield of Noughts and Crosses {rN+ Regen+ Dex-4}
   (You bought it in a shop on level 8 of the Dungeon)

   It affects your dexterity (-4).
   It protects you from negative energy.
   It increases your rate of regeneration.
 l - a +2 robe of cold resistance (worn)
 o - a +0 pair of boots (worn)
 C - a +0 pair of gloves (worn)
 K - a +0 buckler (worn)
Jewellery
 m - an amulet of regeneration (around neck)
 x - a +5 ring of protection (left hand)
Wands
 j - a wand of enslavement (11/24)
 G - a wand of random effects (21/48)
 I - a wand of teleportation (0/9)
Scrolls
 k - 2 scrolls of enchant armour
 p - 4 scrolls of remove curse
 s - a scroll of identify
 w - a scroll of recharging
 z - 2 scrolls of enchant weapon
Potions
 h - 3 potions of magic
 q - 2 potions of resistance
 u - a potion of curing
 B - 2 potions of flight
 D - a potion of haste
 F - 2 potions of mutation {unknown}
 L - a potion of cure mutation {unknown}
Comestibles
 g - 4 bread rations
 i - 6 beef jerkies
 n - 4 meat rations
 r - 9 royal jellies
 v - a slice of pizza


   Skills:
 + Level 6.6 Fighting
 + Level 6.3 Short Blades
 + Level 6.5 Throwing
 + Level 5.9 Dodging
 * Level 10.2 Stealth
 + Level 4.8 Shields


You had 9 spell levels left.
You didn't know any spells.

Dungeon Overview and Level Annotations

Branches:
Dungeon (12/15)            Temple (0/1) D:6            Lair (0/6) D:9
    Orc: D:9-12

Shops:
D:4 :   D:8 [

Annotations:
D:7 Menkaure; Nothus's ghost, novice HOFi
D:12 ! Fire Dragon


Innate Abilities, Weirdness & Mutations

You have an increased reservoir of magic. (+10% MP)
Your attributes are resistant to harm.


Message History

You hit the wraith.
The wraith is almost destroyed.
The wraith barely misses you. The wraith completely misses you.
You closely miss the wraith.
The wraith is almost destroyed.
The wraith hits you.
* * * LOW HITPOINT WARNING * * *
The wraith drains your vigour!
You feel as though you will be slow longer.
You block the wraith's attack. The wraith completely misses you.
You feel yourself speed up. You block the wraith's attack.
The wraith misses you. The wraith completely misses you. The wraith hits you.
* * * LOW HITPOINT WARNING * * *
The wraith drains your vigour!
You feel as though you will be slow longer.
You closely miss the wraith.
The wraith is almost destroyed.
The wraith hits you.
You die...

.....#...(....#......#
.....#.)......#......#
.....#..).(...#......#
.....#.....(..#......#
.....#....)...#......# ***
#....#.......(#......#### ***,,
#....#........#.........# *,*,,
#.).##........#.........# **,*,*
######........)W@.......# *,,,,*
#.............#W........# **,,,,*
#........######........<# *,*****
#........#...[[.........#**,,*,,,
'........#....)##'#####.....,≈,≈,
#...##)..#.....#....,,#......*,,,
#.[.##(..#....)#......#$...#.#,,,
#....#...#.....#......'......#♣#♣
..?..#...#.....########......#♣PP


You could see 2 wraiths.

Vanquished Creatures
  Maud (D:9)
  3 hill giants (D:9)
  An ugly thing (D:12)
  Joseph (D:9)
  2 kobold demonologists (D:10)
  A fire bat (D:12)
  A hippogriff (D:9)
  A steam dragon (D:9)
  2 hell hounds (D:9)
  2 soldier ants (D:9)
  3 ice beasts
  2 sky beasts
  A phantom (D:9)
  A necrophage (D:9)
  3 orc warriors
  A wasp (D:9)
  6 ogres
  An eye of draining (D:8)
  2 centaurs
  Blork the orc (D:5)
  2 giant frogs
  A wyvern zombie (D:12)
  A gnoll sergeant (D:5)
  3 scorpions
  4 wights (D:8)
  An electric eel (D:9)
  3 killer bees (D:10)
  2 howler monkeys (D:6)
  4 crimson imps
  A centaur zombie (D:6)
  A quasit (D:9)
  7 orc wizards
  4 jellies
  2 giant frog skeletons
  An orc priest (D:8)
  4 hounds
  A centaur skeleton (D:10)
  2 iguanas
  Jessica (D:3)
  7 worker ants
  A killer bee zombie (D:6)
  2 hound zombies (D:9)
  A hound skeleton (D:4)
  A worker ant zombie (D:9)
  8 gnolls
  11 adders
  2 oozes (D:2)
  4 adder skeletons
  2 worms
  A dart slug (D:5)
  7 giant geckos
  23 orcs
  3 giant cockroaches
  10 goblins
  14 hobgoblins
  8 jackals
  8 kobolds
  4 quokkas
  A ball python (D:3)
  3 bats
  3 giant newts
  A jackal skeleton (D:9)
  2 jackal zombies (D:5)
  4 rats
212 creatures vanquished.

Vanquished Creatures (collateral kills)
  An ice beast (D:9)
  An ogre (D:9)
2 creatures vanquished.

Grand Total: 214 creatures vanquished

Notes
Turn   | Place    | Note
--------------------------------------------------------------
     0 | D:1      | AlphabetPasta the Demigod Assassin began the quest for the Orb.
     0 | D:1      | Reached XP level 1. HP: 17/17 MP: 3/3
    52 | D:1      | Reached skill level 1 in Dodging
   580 | D:1      | Reached XP level 2. HP: 10/24 MP: 4/4
  1173 | D:2      | Found a faded altar of an unknown god.
  1285 | D:2      | Reached XP level 3. HP: 21/29 MP: 5/5
  1327 | D:2      | Reached skill level 4 in Stealth
  1353 | D:2      | Found a burning altar of Makhleb.
  1884 | D:3      | Found a basalt altar of Yredelemnul.
  1901 | D:3      | Noticed Jessica
  1919 | D:3      | Killed Jessica
  1964 | D:3      | Reached XP level 4. HP: 17/37 MP: 6/6
  2221 | D:3      | Found a white marble altar of Elyvilon.
  2269 | D:3      | Found a shattered altar of Ashenzari.
  2270 | D:3      | Found a sparkling altar of Nemelex Xobeh.
  2514 | D:3      | Found a hide-covered altar of Uskayaw.
  2822 | D:4      | Noticed an ogre
  2837 | D:4      | Killed an ogre
  2837 | D:4      | Reached XP level 5. HP: 44/44 MP: 7/7
  2940 | D:4      | Found a stormy altar of Qazlal.
  3016 | D:4      | Noticed an ogre
  3037 | D:4      | Killed an ogre
  3037 | D:4      | Reached skill level 5 in Stealth
  3037 | D:4      | Reached XP level 6. HP: 48/51 MP: 8/8
  3631 | D:4      | Found Ajaif's Book Emporium.
  3792 | D:5      | Entered Level 5 of the Dungeon
  3923 | D:5      | Reached XP level 7. HP: 43/57 MP: 9/9
  4095 | D:5      | Reached skill level 6 in Stealth
  4226 | D:5      | Noticed Blork the orc
  4245 | D:5      | Killed Blork the orc
  4719 | D:6      | Found a shimmering altar of Xom.
  4731 | D:6      | Reached XP level 8. HP: 66/66 MP: 10/10
  4867 | D:6      | Reached skill level 7 in Stealth
  4954 | D:6      | Found a staircase to the Ecumenical Temple.
  5336 | D:7      | Noticed Nothus's ghost (novice HOFi)
  5373 | D:7      | Noticed Menkaure
  5526 | D:8      | Found Heotuc's Antique Armour Emporium.
  5535 | D:8      | Bought a twisted shield for 247 gold pieces
  5540 | D:8      | Identified the cursed +0 shield of Noughts and Crosses {rN+ Regen+ Dex-4} (You bought it in a shop on level 8 of the Dungeon)
  5649 | D:8      | Found a snail-covered altar of Cheibriados.
  5759 | D:8      | Reached skill level 1 in Shields
  5982 | D:8      | Found a bloodstained altar of Trog.
  6191 | D:8      | Found a sacrificial altar of Ru.
  6867 | D:9      | Found a staircase to the Lair.
  6902 | D:9      | Reached skill level 8 in Stealth
  6902 | D:9      | Reached XP level 9. HP: 72/72 MP: 11/11
  6918 | D:9      | Reached skill level 5 in Throwing
  7072 | D:9      | Reached skill level 5 in Fighting
  7205 | D:9      | Reached skill level 5 in Short Blades
  7521 | D:9      | Noticed Joseph
  7563 | D:9      | Killed Joseph
  7563 | D:9      | Reached skill level 5 in Dodging
  7776 | D:8      | Reached skill level 9 in Stealth
  7838 | D:8      | Bought a buckler for 117 gold pieces
  8210 | D:10     | Entered Level 10 of the Dungeon
  8229 | D:10     | Noticed a hill giant
  8272 | D:9      | Killed a hill giant
  8272 | D:9      | Reached XP level 10. HP: 54/83 MP: 13/13
  8376 | D:10     | Noticed Maud
  8394 | D:10     | Noticed a hill giant
  8452 | D:9      | Killed a hill giant
  8532 | D:10     | You fall through a shaft for 2 floors!
  8571 | D:12     | Noticed a purple ugly thing
  8642 | D:12     | Killed a purple ugly thing
  8729 | D:12     | Noticed a fire dragon
  8916 | D:9      | Killed Maud
  9440 | D:10     | Noticed a hill giant
  9479 | D:9      | Killed a hill giant
  9479 | D:9      | Reached skill level 10 in Stealth
 10129 | D:10     | Noticed a soul eater
 10204 | D:10     | Noticed a rust devil
 10323 | D:10     | Slain by a wraith

Vault maps used:
D:1:      elethiomel_arrival_quiet
D:2:      makhleb_grotto_becter, ecumenical_altar_1
D:3:      elyvilon_altar_1, nicolae_overflow_hidden_temple,
          yredelemnul_altar_generic, uniq_jessica
D:4:      corexii_shack_village, lemuel_doored_altar, serial_shops,
          kennysheep_little_box
D:5:      first_bread, uniq_blork_the_orc
D:6:      overflow_temple_1_default, eino_curves_02, kennysheep_diamond,
          lemuel_another_geyser
D:7:      uniq_menkaure, uniq_crazy_yiuf_cottage
D:8:      bloody_trog, nicolae_ru_the_path_less_chosen, old_standard_altar,
          serial_shops, nicolae_shop_stone
D:9:      minmay_lair_entry_lava, corexii_leaking_fountain,
          hangedman_pestilent_swarm, minmay_misc_feat_cross,
          nrook_pool_corridor, kennysheep_generic_room_11, uniq_joseph
D:10:     kennysheep_kobold_lugonu_temple, uniq_erolcha, uniq_maud,
          uniq_josephine
D:11:     david_orc_5, serial_shops, shop, uniq_snorg
D:12:     minmay_firetagon

Skill      XL: |  1  2  3  4  5  6  7  8  9 10 |
---------------+-------------------------------+-----
Dodging        | 1 2 3 4 5 |  5.9
Short Blades   | 2 3 4 5 6 |  6.3
Throwing       | 2 3 4 5 6 |  6.5
Fighting       | 2 3 4 5 6 |  6.6
Stealth        | 4 5 6 8 9 10 | 10.2
Shields        | 2 3 4 |  4.8

Action                   |  1- 3 |  4- 6 |  7- 9 | 10-12 || total
-------------------------+-------+-------+-------+-------++-------
Melee: Dagger            |   171 |   199 |   319 |   148 ||   837
       Rapier            |       |       |    92 |   117 ||   209
 Fire: Blowgun           |    10 |    51 |    86 |    63 ||   210
       Hunting sling     |       |       |     4 |    21 ||    25
Throw: Tomahawk          |       |       |       |    21 ||    21
Evoke: Wand              |       |       |       |     1 ||     1
  Use: Scroll            |       |     9 |     7 |     8 ||    24
       Potion            |       |       |     3 |     6 ||     9
 Stab: Sleeping          |     7 |    11 |    23 |     2 ||    43
       Distracted        |       |       |     1 |     1 ||     2
  Eat: Chunk             |     3 |     7 |    12 |     1 ||    23
       Fruit             |       |       |     3 |       ||     3
       Beef jerky        |       |       |       |     3 ||     3
       Pizza             |       |       |       |     1 ||     1
Armor: Robe              |    24 |    46 |   102 |   105 ||   277
Dodge: Dodged            |    77 |   101 |   228 |   269 ||   675
Block: Shield            |       |       |    12 |       ||    12
       Buckler           |       |       |     2 |   110 ||   112
